 Dungeon Crawl Stone Soup version 0.28-a0-556-gab23d0e057 (webtiles) character file.

Game seed: 12311560748325717092

698 SkeletonJelly the Changer (level 7, -5/32 HPs)
             Began as a Vine Stalker Transmuter on Sept 28, 2021.
             Slain by an ogre (24 damage)
             ... on level 7 of the Dungeon.
             The game lasted 00:10:03 (3119 turns).

SkeletonJelly the Changer (Vine Stalker Transmuter) Turns: 3119, Time: 00:10:04

Health: -5/32      AC:  2    Str: 12    XL:     7   Next: 65%
Magic:  0/11       EV: 19    Int: 15    God:
Gold:   313        SH:  0    Dex: 20    Spells: 4/10 levels left

rFire   . . .      SeeInvis .     - Unarmed
rCold   . . .      Faith    .   (shield currently unavailable)
rNeg    . . .      Spirit   +   (armour currently unavailable)
rPois   .          Reflect  .   (helmet currently unavailable)
rElec   .          Harm     .   (cloak currently unavailable)
rCorr   .          Rampage  .   (gloves currently unavailable)
Will    +....                   (boots currently unavailable)
Stlth   ++........              b - amulet of magic regeneration
HPRegen 1.10/turn               h - ring of poison resistance
MPRegen 0.37/turn               j - ring of willpower

@: spider-form (expiring)
A: venomous fangs, tiny, (fangs 2), regeneration 1, magic shield, (antimagic
bite), no potion heal 2
a: End Transformation


You were on level 7 of the Dungeon.
You were a venomous arachnid creature.
You visited 1 branch of the dungeon, and saw 6 of its levels.

You collected 313 gold pieces.

Inventory:

Missiles
 m - 6 atropa-tipped darts
Armour
 a - a +0 robe (melded)
Jewellery
 b - an amulet of magic regeneration (around neck)
 h - a ring of poison resistance (left front leg)
 i - a ring of protection from fire
 j - a ring of willpower (right front leg)
Wands
 n - a wand of polymorph (6)
 q - a wand of flame (7)
 r - a wand of paralysis (9)
Scrolls
 e - 2 scrolls of enchant armour {unknown}
 f - a scroll of identify {unknown}
 k - a scroll of blinking {unknown}
 p - a scroll of holy word {unknown}
 s - a scroll of silence {unknown}
Potions
 c - 3 potions of heal wounds {unknown}
 d - a potion of experience {unknown}
 g - a potion of degeneration {unknown}
 l - a potion of might {unknown}
 o - a potion of curing {unknown}


   Skills:
 - Level 0.8 Fighting
 - Level 1.5 Dodging
 - Level 4.0 Unarmed Combat
 - Level 2.1 Spellcasting
 * Level 7.2 Transmutations
 - Level 3.0 Poison Magic


You had 4 spell levels left.
You knew the following spells:

 Your Spells              Type           Power      Damage    Failure   Level
a - Beastly Appendage     Tmut           46%        N/A       5%          1
q - Spider Form           Tmut/Pois      8%         N/A       21%         3
s - Wereblood             Tmut           23%        N/A       7%          2

Your spell library contained the following spells:

 Spells                   Type           Power      Damage    Failure   Level
 Ice Form                 Ice/Tmut       12%        N/A       65%         4
 Call Canine Familiar     Summ           1%         N/A       75%         3
 Portal Projectile        Hex/Tloc       2%         N/A       75%         3
 Olgreb's Toxic Radiance  Pois           10%        N/A       75%         4
 Leda's Liquefaction      Hex/Erth       0%         N/A       98%         4
 Ozocubu's Refrigeration  Ice            0%         4d5       100%        7
 Ignition                 Fire           0%         3d3       100%        8


Dungeon Overview and Level Annotations

Branches:
Dungeon (5/15)             Temple (0/1) D:4

Altars:
Gozag
Kikubaaqudgha
Okawaru
Zin

Shops:
D:4 :


Innate Abilities, Weirdness & Mutations

You are a venomous arachnid creature.
You have poisonous fangs.
You are tiny and dextrous.
Your spellcasting is less reliable in this form.
Your armour is entirely melded.
You are incapable of wielding weapons or throwing items.
((You have extremely sharp teeth.))
Your natural rate of healing is unusually fast.
When hurt, damage is shared between your health and your magic reserves.
((Your bite disrupts and absorbs the magic of your enemies.))
Potions cannot restore your health.


Message History

No target in view!
No target in view!
No target in view!
No target in view!
A scorpion comes into view.
An ogre comes into view. It is wielding a +0 giant club.
You see here a glowing red potion.
The ogre shouts!
Aiming: Paralyse
Press: ? - help, Shift-Dir - straight line, f - ogre
Aim: an ogre, wielding a +0 giant club (chance to affect: 46%)
The ogre resists with some effort.
A scorpion comes into view.
Aiming: Paralyse
Press: ? - help, Shift-Dir - straight line, f/p - ogre
Aim: an ogre, wielding a +0 giant club (chance to affect: 46%)
The ogre suddenly stops moving!
Casting: Beastly Appendage (safe; 1% risk of failure)
Confirm with . or Enter, or press ? or * to list all spells.
The spell is quite dangerous to cast (10% risk of failure)!
Continue anyway?
You miscast Spider Form.
You are very lightly contaminated with residual magic.
Nothing appears to happen.
You now have 7/11 mp.
You hit the scorpion but do no damage. You claw the scorpion.
You bite the scorpion, but do no damage.
The scorpion is lightly wounded.
The scorpion closely misses you. The scorpion stings you.
You take 1 damage, and have 30/32 hp.
You hit the scorpion. Your kick misses the scorpion.
The scorpion is moderately wounded.
The scorpion stings you.
You now have 7/11 mp.
Casting: Spider Form (quite dangerous; 10% risk of failure)
Confirm with . or Enter, or press ? or * to list all spells.
The spell is quite dangerous to cast (10% risk of failure)!
Continue anyway?
Your horns disappear.
Your talons disappear.
You turn into a venomous arachnid creature.
Your +0 robe melds into your body.
The scorpion misses you.
Health restored: 32 You now have 4/11 mp.
You hit the scorpion.
The scorpion is poisoned.
The scorpion is heavily wounded.
Your primal bloodlust is almost over.
The scorpion stings you!
You are poisoned.
The scorpion poisons you!
You take 6 damage, and have 26/32 hp.
You barely miss the scorpion.
The scorpion is severely wounded.
You feel very sick. The scorpion stings you! The scorpion closely misses you.
You take 8 damage, and have 18/32 hp.
MASSIVE DAMAGE!!
You now have 2/11 mp.
You hit the scorpion.
The scorpion is almost dead.
You hiss as the wereblood boils in your veins!
You feel sick.
You feel a bit better.
You kill the scorpion!
The scorpion closely misses you.
Your Transmutations skill increases to level 7!
You hit the scorpion but do no damage.
The scorpion is poisoned.
You hiss as the wereblood boils in your veins!
You feel sick. The scorpion barely misses you.
You take 1 damage, and have 18/32 hp.
You hit the scorpion.
The scorpion is moderately wounded.
You feel sick. The scorpion closely misses you.
You take 1 damage, and have 17/32 hp.
You hit the scorpion.
The scorpion is heavily wounded.
You feel sick. The scorpion closely misses you.
You hit the scorpion but do no damage.
The scorpion looks as sick as possible!
The scorpion is severely wounded.
You feel sick.
You feel a bit better.
You kill the scorpion!
Training target 3.0 for Poison Magic reached!
Your Poison Magic skill increases to level 3!
You regained 2 hp, and now have 19/32 hp.
Your primal bloodlust has ended.
You feel sick.
The ogre is no longer paralysed.
Your magical contamination has completely faded away.
You see here a scorpion corpse.
You feel sick.
You hit the ogre.
The ogre is lightly wounded.
Your transformation is almost over.
You feel sick. The ogre completely misses you.
You hit the ogre.
The ogre is poisoned.
The ogre is moderately wounded.
You feel sick.
You are no longer poisoned.
You hit the ogre.
The ogre looks as sick as possible!
The ogre is heavily wounded.
The ogre hits you with a +0 giant club.
You take 1 damage, and have 18/32 hp.
You now have 4/11 mp.
You hit the ogre.
The ogre looks as sick as possible!
The ogre is severely wounded.
The ogre hits you with a +0 giant club!!
Ouch! That really hurt!
You die...

#......).. #......†..
#.........
###############....##
#...............####
#.........####.##
#.........# #.#
#.!..O....# #.#
#..†s.....# #..
#.........# #.#
#...?..........?
#....(..........
######...<......
....... .......
.......


You could see an ogre (extremely poisoned).

Vanquished Creatures
  A necrophage (D:4)
  2 scorpions (D:7)
  A wyvern zombie (D:7)
  A howler monkey (D:7)
  A centaur zombie (D:4)
  3 bullfrog skeletons
  An orc priest (D:3)
  A centaur skeleton (D:7)
  2 orc wizards (D:4)
  A gnoll (D:7)
  9 adders
  2 worms (D:3)
  4 dart slugs
  4 orcs
  5 bats
  3 endoplasms
  2 giant cockroaches
  6 goblins
  6 hobgoblins
  3 jackals (D:3)
  3 quokkas
  5 ball pythons
  3 frilled lizards
  5 kobolds
  A rat (D:2)
75 creatures vanquished.

Vanquished Creatures (others)
  2 withered plants (D:3)
2 creatures vanquished.

Grand Total: 77 creatures vanquished

Notes
Turn   | Place    | Note
-------+----------+-------------------------------------------
     0 | D:1      | SkeletonJelly the Vine Stalker Transmuter began the quest
                  | for the Orb.
     0 | D:1      | Reached XP level 1. HP: 9/9 MP: 4/4
   270 | D:1      | Reached XP level 2. HP: 11/14 MP: 3/6
   281 | D:1      | Learned a level 2 spell: Wereblood
   521 | D:1      | Reached skill level 3 in Transmutations
  1044 | D:2      | Reached XP level 3. HP: 17/17 MP: 7/7
  1048 | D:2      | Learned a level 3 spell: Spider Form
  1712 | D:2      | Found a faded altar of an unknown god.
  1773 | D:3      | Gained mutation: Your natural rate of healing is unusually
                  | fast. [Vine Stalker growth]
  1773 | D:3      | Reached XP level 4. HP: 17/21 MP: 3/8
  1795 | D:3      | Reached skill level 4 in Transmutations
  1989 | D:3      | Reached XP level 5. HP: 25/25 MP: 7/9
  2177 | D:3      | Found an ancient bone altar of Kikubaaqudgha.
  2383 | D:4      | Found an opulent altar of Gozag.
  2476 | D:4      | Found an iron altar of Okawaru.
  2517 | D:4      | Reached skill level 5 in Transmutations
  2541 | D:4      | Identified the +1 chain mail of Jiezikaz {rF++ SInv}
  2554 | D:5      | Entered Level 5 of the Dungeon
  2583 | D:4      | Reached XP level 6. HP: 13/29 MP: 2/10
  2723 | D:4      | Reached skill level 1 in Poison Magic
  2731 | D:4      | Noticed a necrophage
  2739 | D:4      | Killed a necrophage
  2740 | D:4      | Reached skill level 6 in Transmutations
  2778 | D:4      | Found a staircase to the Ecumenical Temple.
  2799 | D:4      | Found Imotu's Book Emporium.
  2901 | D:5      | Found a glowing silver altar of Zin.
  2941 | D:5      | Reached XP level 7. HP: 26/32 MP: 9/11
  3008 | D:5      | You fall into a shaft and drop 2 floors!
  3110 | D:7      | Reached skill level 7 in Transmutations
  3119 | D:7      | Slain by an ogre

Illustrated notes

Levels and vault maps discovered:
D:1:      dpeg_arrival_arbitrary_a, layout_loops_ring
D:2:      layout_loops_ring, hellmonk_ecumenical_altar_leap_of_faith,
          corexii_hall_statues_i, minmay_liquid_box
D:3:      layout_basic, kiku_gazebo_garden_becter
D:4:      layout_basic, grunt_gozag_breadcrumbs, okawaru_trees_2,
          minmay_temple_entry_from_below_a, serial_shops, nicolae_lakefront_shop
D:5:      layout_loops_corners, mainiacjoe_overflow_brackets,
          mainiacjoe_overflow_alcove_2, chequers_serial_rivers_small_b
D:7:      layout_rooms

Skill      XL: |  1  2  3  4  5  6  7 |
---------------+----------------------+-----
Transmutations | 3 4 5 6 7 |  7.2
Unarmed Combat | 4 |  4.0
Poison Magic   | 1 3 |  3.0
Fighting       | |  0.8
Dodging        | |  1.5
Spellcasting   | |  2.1

Action                   |  1- 3 |  4- 6 |  7- 9 || total
-------------------------+-------+-------+-------++-------
Melee: Unarmed           |    93 |   119 |    39 ||   251
       Bite              |    16 |    23 |     4 ||    43
       Kick              |    11 |    25 |     7 ||    43
       Headbutt          |     4 |    16 |     4 ||    24
       Punch             |     2 |       |       ||     2
 Cast: Beastly Appendage |    17 |    20 |     3 ||    40
       Wereblood         |    14 |    20 |     3 ||    37
       Spider Form       |     1 |     4 |     2 ||     7
Evoke: Wand              |       |       |     2 ||     2
 Stab: Sleeping          |     1 |       |       ||     1
Armor: Robe              |    11 |     9 |     2 ||    22
       Skin              |       |     3 |     4 ||     7
Dodge: Dodged            |    64 |    97 |    61 ||   222

Table legend: (Time is in decaauts)
 A = Elapsed time spent in this place.
 B = Non-inter-level travel time spent in this place.
 C = Inter-level travel time spent in this place.
 D = Time resting spent in this place.
 E = Time spent auto-exploring this place.
 F = Levels seen in this place.
 G = Mean time per level.
                   A        B        C        D        E       F      G
               +--------+--------+--------+--------+--------+-----+--------+
         Total |   3101 |   3028 |     73 |      5 |   2355 |   6 |  516.8 |
       Dungeon |   3101 |   3028 |     73 |      5 |   2355 |   6 |  516.8 |
               +--------+--------+--------+--------+--------+-----+--------+

Top non-repeatable levels by time:
     D:1: 1017 daAuts
     D:2: 702 daAuts
     D:3: 615 daAuts
     D:4: 503 daAuts
     D:5: 154 daAuts
     D:7: 108 daAuts
